 Dungeon Crawl Stone Soup version 0.25.0-10-g039870e (webtiles) character file.

Game seed: 5483617057029110506

966 shmeve the Skirmisher (level 7, 0/64 HPs)
             Began as a Minotaur Berserker on June 22, 2020.
             Was a Priest of Trog.
             Slain by a profane servitor
             ... wielding a +1 whip of flaming
              (8 damage)
             ... on level 1 of the Abyss.
             The game lasted 00:07:23 (3667 turns).

shmeve the Skirmisher (Minotaur Berserker)          Turns: 3667, Time: 00:07:23

Health: 0/64       AC:  9    Str: 22    XL:     7   Next: 93%
Magic:  6/6        EV: 11    Int:  5    God:    Trog [***...]
Gold:   183        SH:  0    Dex: 10    Spells: 6/6 levels left

rFire    + + .     SeeInvis .   a - +0 hand axe
rCold    x . .     Gourm    .   (no shield)
rNeg     . . .     Faith    .   g - +0 fire dragon scales
rPois    .         Spirit   .   (helmet restricted)
rElec    .         Reflect  .   (no cloak)
rCorr    .         Harm     .   (no gloves)
MR       ++...                  (no boots)
Stlth    ..........             (no amulet)
HPRegen  1.20/turn              (no ring)
MPRegen  0.10/turn              (no ring)

@: regenerating, wreathed by umbra
A: retaliatory headbutt, horns 2
a: Berserk, Trog's Hand, Renounce Religion


You were on level 1 of the Abyss.
You worshipped Trog.
Trog was most pleased with you.
You were hungry.

You visited 1 branch of the dungeon, and saw 5 of its levels.
You visited the Abyss 1 time.

You collected 273 gold pieces.
You spent 90 gold pieces at shops.

Inventory:

Hand Weapons
 a - a +0 hand axe (weapon)
Armour
 g - +0 fire dragon scales (worn)
Jewellery
 o - a +6 ring of intelligence {unknown}
Wands
 i - a wand of enslavement (19)
 u - a wand of clouds (3)
 w - a wand of iceblast (7)
Scrolls
 b - 4 scrolls of teleportation {unknown}
 e - a scroll of random uselessness {unknown}
 f - 5 scrolls of identify {unknown}
 j - a scroll of amnesia {unknown}
 m - 2 scrolls of remove curse {unknown}
 v - a scroll of immolation {unknown}
Potions
 h - a potion of invisibility {unknown}
 k - a potion of heal wounds {unknown}
 l - 4 potions of curing
 n - a potion of mutation {unknown}
 p - a potion of degeneration {unknown}
 q - a potion of haste
 r - a potion of brilliance {unknown}
 s - a potion of resistance {unknown}
 t - a potion of flight {unknown}
Comestibles
 c - 11 rations
 d - 7 chunks of flesh


   Skills:
 * Level 6.9 Fighting
 * Level 6.8 Axes
 + Level 3.1 Throwing
 + Level 4.7 Armour
 + Level 4.3 Dodging


You had 6 spell levels left.
You didn't know any spells.
Your spell library was empty.

Dungeon Overview and Level Annotations

Branches:
Dungeon (5/15)
 Temple: D:4-7

Altars:
Ashenzari
Dithmenos
Fedhas
Hepliaklqana
Makhleb
Zin


Innate Abilities, Weirdness & Mutations

You reflexively headbutt those who attack you in melee.
You have a pair of horns on your head.


Message History

You recover from your berserk rage.
Unknown command.
You hit the profane servitor.
Your headbutt misses the profane servitor.
The profane servitor is lightly damaged.
You closely miss the smoke demon.
The profane servitor hits you but does no damage. x2
The smoke demon hits you but does no damage. x2
The smoke demon closely misses you.
The profane servitor hits you with a +1 whip of flaming!
* * * LOW HITPOINT WARNING * * *
The profane servitor draws strength from your injuries!
The profane servitor burns you.
* * * LOW HITPOINT WARNING * * *
The profane servitor barely misses you.
The small abomination hits you but does no damage.
The great orb of eyes closely misses you.
The profane servitor closely misses you.
The profane servitor hits you with a +1 whip of flaming!
You die...

.. . #
..∩...##
).....###'
......... .
......# ..
#....##..#
#.......#
#3AG..#.#
#.@...#.#
#..x#...#
#.....#.#
.'..........
##........#.#
##.......# ..
......... #
...........


You could see a profane servitor, a great orb of eyes, a smoke demon and a small
abomination.

Vanquished Creatures
  Edmund (D:4)
  An ogre (D:5)
  A centaur (D:5)
  A howler monkey (D:5)
  A centaur zombie (D:3)
  A quasit (D:5)
  5 orc priests (D:5)
  4 orc wizards
  A hound (D:2)
  Jessica (D:2)
  Natasha (thrice) (D:4)
  Terence (D:3)
  A worker ant (D:4)
  5 adders
  3 worms
  2 dart slugs
  A leopard gecko (D:3)
  10 orcs
  8 bats
  2 giant cockroaches
  5 hobgoblins
  8 jackals
  3 kobolds
  A quokka (D:5)
  5 ball pythons
  5 frilled lizards
  10 goblins
  17 rats
107 creatures vanquished.

Notes
Turn   | Place    | Note
-------+----------+-------------------------------------------
     0 | D:1      | shmeve the Minotaur Berserker began the quest for the Orb.
     0 | D:1      | Reached XP level 1. HP: 19/19 MP: 0/0
   352 | D:1      | Reached XP level 2. HP: 26/27 MP: 1/1
   865 | D:2      | Reached XP level 3. HP: 33/33 MP: 2/2
  1008 | D:2      | Reached ** piety under Trog
  1037 | D:2      | Noticed Jessica
  1039 | D:2      | Killed Jessica
  1039 | D:2      | Reached skill level 1 in Throwing
  1124 | D:2      | Reached XP level 4. HP: 41/41 MP: 3/3
  1198 | D:2      | Found a burning altar of Makhleb.
  1896 | D:3      | Reached XP level 5. HP: 45/47 MP: 4/4
  1956 | D:3      | Reached skill level 5 in Fighting
  1977 | D:3      | Reached *** piety under Trog
  1977 | D:3      | Reached skill level 5 in Axes
  2121 | D:3      | Found a glowing silver altar of Zin.
  2123 | D:3      | Found Zin's Purification Station.
  2124 | D:3      | Noticed Terence
  2136 | D:3      | Killed Terence
  2148 | D:3      | Bought a potion of curing for 90 gold pieces
  2152 | D:3      | Found a shadowy altar of Dithmenos.
  2152 | D:3      | Noticed a shadow
  2157 | D:3      | Found a hazy altar of Hepliaklqana.
  2376 | D:3      | Found a shattered altar of Ashenzari.
  2623 | D:4      | Found a blossoming altar of Fedhas.
  2649 | D:4      | Reached XP level 6. HP: 52/56 MP: 5/5
  2865 | D:4      | Noticed Natasha
  2878 | D:4      | Killed Natasha
  2982 | D:4      | Noticed Edmund
  3007 | D:4      | Killed Edmund
  3329 | D:4      | Noticed Natasha
  3334 | D:4      | Killed Natasha
  3334 | D:4      | Noticed Natasha
  3348 | D:4      | Killed Natasha
  3467 | D:5      | Entered Level 5 of the Dungeon
  3475 | D:5      | Reached XP level 7. HP: 63/63 MP: 6/6
  3632 | D:5      | Cast into level 1 of the Abyss (gnoll sergeant)
  3649 | Abyss:1  | Noticed a great orb of eyes
  3651 | Abyss:1  | Paralysed by a great orb of eyes for 6 turns
  3660 | Abyss:1  | Noticed a profane servitor
  3663 | Abyss:1  | Paralysed by a great orb of eyes for 2 turns
  3664 | Abyss:1  | Noticed a smoke demon
  3667 | Abyss:1  | Slain by a profane servitor

Illustrated notes

Levels and vault maps discovered:
D:1:      dpeg_arrival_rooms_with_view, layout_loops_ring,
          minmay_shallow_snake_nest
D:2:      layout_loops_corners, makhleb_heckhound_becter, first_ration,
          minmay_rat_gold_closets, uniq_jessica
D:3:      layout_loops_cross, riverfiend_overflow_shadow_ancestor,
          ashenzari_conservatory_becter, zin_purify, uniq_terence
D:4:      layout_gridville, lemuel_tele_altar, uniq_edmund, uniq_natasha
D:5:      layout_basic, grunt_decor_one_mirror
Abyss:1:  base: D:2, hangedman_elemental_corridor

Skill      XL: |  1  2  3  4  5  6  7 |
---------------+----------------------+-----
Fighting       | 4 5 6 |  6.9
Axes           | 4 5 6 |  6.8
Throwing       | 1 2 3 |  3.1
Armour         | 3 4 |  4.7
Dodging        | 3 4 |  4.3

Action                   |  1- 3 |  4- 6 |  7- 9 || total
-------------------------+-------+-------+-------++-------
Melee: Hand axe          |    58 |   166 |    45 ||   269
       Headbutt          |     9 |    32 |    10 ||    51
Invok: Berserk           |       |     1 |     2 ||     3
       Trog's Hand       |       |       |     2 ||     2
Evoke: Wand              |       |       |     2 ||     2
 Stab: Sleeping          |     1 |       |       ||     1
  Eat: Chunk             |     1 |     7 |     4 ||    12
Armor: Animal skin       |     5 |       |       ||     5
       Fire dragon scale |    15 |    80 |    33 ||   128
Dodge: Dodged            |    40 |    88 |    27 ||   155
